Penguins vs Devils

Created - 5 février 2019 at 23:29

Goals
1 2 3 OT1 SO T
Penguins 0 0 0 0 2 1
Devils 0 0 0 0 0 0
Shots
1 2 3 OT1 SO T
Penguins 6 8 5 4 2 23
Devils 8 9 22 1 2 40

1st period

No Goal

Penalties :
Cody Ceci (PIT) for Hooking (Minor) at 5:03, Ryan Pulock (NJD) for Diving (Minor) at 8:22

2nd period

No Goal

Penalties :
David Perron (PIT) for High sticking (Minor) at 10:23

3rd period

No Goal

Penalties :
David Savard (PIT) for Holding (Minor) at 1:12, Olli Maatta (PIT) for High sticking (Minor) at 14:42

Overtime #1

No Goal

Penalties :
No Penalty

Shootout

Penguins, Nathan MacKinnon - Goal!
Devils, Nicklas Backstrom - Stopped by Connor Hellebuyck
Penguins, Nikita Kucherov - Goal!
Devils, Bo Horvat - Shot Misses the Net

Penalties :
No Penalty

Goalie Stats

Connor Hellebuyck (PIT), 40 saves from 40 shots - (1.000), W, 28-10-1, 65:00 minutes
Marc-Andre Fleury (NJD), 23 saves from 23 shots - (1.000), OTL, 23-21-2, 65:00 minutes

Players Stats for Penguins

Player Name              G  A  P  +/- PIM S  H  SB GA TA FO     MP     PP MP  PK MP  
------------------------------------------------------------------------------------
Adrian Kempe             0  0  0   0  0   0  1  0  0  0  4/8    12:00   0:00   0:26 
Clayton Keller           0  0  0   0  0   2  1  1  0  0  0/2    18:51   0:48   0:00 
Cody Ceci                0  0  0   0  2   0  1  0  0  0  0/0    16:24   0:48   1:09 
Darren Archibald         0  0  0   0  0   4  1  0  0  0  0/0     5:52   0:00   2:18 
David Perron             0  0  0   0  2   0  1  2  0  0  1/1    18:46   1:11   0:00 
David Savard             0  0  0   0  2   1  4  1  0  0  0/0    19:32   0:00   3:08 
Kevin Labanc             0  0  0   0  0   0  0  1  0  0  0/1    13:58   0:00   0:00 
Mark Barberio            0  0  0   0  0   0  0  0  0  0  0/0     0:00   0:00   0:00 
Mark Giordano            0  0  0   0  0   1  1  0  0  0  0/0    26:06   1:11   3:39 
Max Domi                 0  0  0   0  0   1  1  0  0  0  0/1    12:46   0:00   0:00 
Nathan MacKinnon         0  0  0   0  0   4  3  0  0  0  8/23   20:52   0:48   0:00 
Nikita Kucherov          0  0  0   0  0   1  0  0  0  0  2/4    26:42   0:48   5:16 
Olli Maatta              0  0  0   0  2   1  0  0  0  0  0/0    14:27   0:00   0:00 
Phil Kessel              0  0  0   0  0   3  0  0  0  0  0/1    19:32   1:11   0:00 
Ryan Ellis               0  0  0   0  0   0  0  3  0  0  0/0    21:33   0:48   4:17 
Ryan Suter               0  0  0   0  0   1  1  3  0  0  0/0    26:55   1:11   3:39 
Sidney Crosby            0  0  0   0  0   4  1  0  0  0  19/30  23:59   1:11   2:41 
Tim Schaller             0  0  0   0  0   0  0  0  0  0  11/20   8:45   0:00   5:11 

Players Stats for Devils

Player Name              G  A  P  +/- PIM S  H  SB GA TA FO     MP     PP MP  PK MP  
------------------------------------------------------------------------------------
Antoine Vermette         0  0  0   0  0   1  3  0  0  0  2/7     5:31   0:00   0:00 
Anton Stralman           0  0  0   0  0   2  1  2  0  0  0/0    25:48   4:40   1:32 
Bo Horvat                0  0  0   0  0   3  0  0  0  0  16/25  21:52   3:16   0:58 
Brooks Orpik             0  0  0   0  0   0  0  0  0  0  0/0    14:06   0:00   0:12 
Darren Helm              0  0  0   0  0   5  2  0  0  0  0/3    17:39   3:16   0:00 
Dustin Brown             0  0  0   0  0   3  8  0  0  0  1/3    25:33   4:40   0:53 
Eric Fehr                0  0  0   0  0   1  1  0  0  0  0/1    12:04   0:00   0:08 
Jordan Staal             0  0  0   0  0   2  0  0  0  0  10/15  14:34   0:00   0:53 
Justin Schultz           0  0  0   0  0   2  1  1  0  0  0/0    22:44   3:16   1:08 
Kevin Hayes              0  0  0   0  0   2  0  2  0  0  0/1    22:55   4:40   0:00 
Mike Cammalleri          0  0  0   0  0   1  0  0  0  0  2/2     5:31   0:00   0:00 
Nicklas Backstrom        0  0  0   0  0   7  0  0  0  0  13/32  27:16   4:40   1:06 
Pavel Zacha              0  0  0   0  0   0  0  0  0  0  0/0    11:56   0:00   0:00 
Ryan Pulock              0  0  0   0  2   0  4  0  0  0  0/0    21:11   3:16   0:00 
Sam Reinhart             0  0  0   0  0   4  0  0  0  0  2/2    17:39   3:16   0:00 
Shayne Gostisbehere      0  0  0   0  0   5  1  0  0  0  0/0    27:16   4:40   1:06 
Tim Heed                 0  0  0   0  0   0  0  0  0  0  0/0    13:54   0:00   0:00 
Vinnie Hinostroza        0  0  0   0  0   2  1  0  0  0  0/0     5:31   0:00   0:00 

3 Stars

1 - Connor Hellebuyck (PIT)
2 - Marc-Andre Fleury (NJD)
3 - Dustin Brown (NJD)

Power Play

Penguins - 0 on 1 Attempt(s) - 0.00%
Devils - 0 on 4 Attempt(s) - 0.00%

Penalty Kill

Penguins - 4 on 4 Attempt(s) - 100.00% - Score 0 goal in Penalty Kill
Devils - 1 on 1 Attempt(s) - 100.00% - Score 0 goal in Penalty Kill

Team Stat

Penguins - Hits : 16 - Faceoff Wins : 45 - Blocked Shots : 11 - Penalty Minutes : 8
Devils - Hits : 22 - Faceoff Wins : 46 - Blocked Shots : 5 - Penalty Minutes : 2

Official

Referees : Frederick L'Ecuyer and Mike Hasenfratz
Linesman : Brad Kovachik and John Grandt

Game Notes

No Game Note

Finance

Level 1 -- Attendance: 6000 (100.00%) -- Ticket Income 672 000 $
Level 2 -- Attendance: 4561 (91.22%) -- Ticket Income 369 441 $
Level 3 -- Attendance: 2000 (100.00%) -- Ticket Income 160 000 $
Level 4 -- Attendance: 3125 (86.21%) -- Ticket Income 46 875 $
Luxury Box -- Attendance: 1000 (100.00%) -- Ticket Income 195 000 $
Game was played at the Prudential Center.
Total Attendance: 16686 (94.67%)
Total Ticket Income: 1 443 316 $
Other Income: 707 225 $
Total Income: 2 150 541 $

% Time on Ice - Penguins

Lines # - Real PCT - Wanted PCT - Time Play
Normal Forward
1 - 36% - 37% - 17:55
2 - 35% - 35% - 17:38
3 - 22% - 20% - 10:58
4 - 7% - 8% - 3:34
Normal Defense
1 - 38% - 40% - 19:12
2 - 33% - 35% - 16:25
3 - 28% - 25% - 14:01
4 - 1% - 0% - 0:27
PP Forward
1 - 40% - 60% - 0:48
2 - 60% - 40% - 1:11
PP Defense
1 - 60% - 60% - 1:11
2 - 40% - 40% - 0:48
PK Forward
1 - 71% - 60% - 5:38
2 - 29% - 40% - 2:18
PK Defense
1 - 54% - 60% - 4:17
2 - 46% - 40% - 3:39
PK3 Forward
1 - 0% - 60%
2 - 0% - 40%
PK3 Defense
1 - 0% - 60%
2 - 0% - 40%
44 Forward
1 - 0% - 60%
2 - 0% - 40%
44 Defense
1 - 0% - 60%
2 - 0% - 40%
Last Minute Offensive  - 0:00
Last Minute Defensive  - 0:00
Total
Forward - 60:00
Defense - 60:00

% Time on Ice - Devils

Lines # - Real PCT - Wanted PCT - Time Play
Normal Forward
1 - 36% - 40% - 18:15
2 - 29% - 30% - 14:23
3 - 24% - 20% - 11:56
4 - 11% - 10% - 5:31
Normal Defense
1 - 36% - 40% - 17:51
2 - 36% - 30% - 17:56
3 - 28% - 20% - 13:54
4 - 1% - 10% - 0:24
PP Forward
1 - 59% - 60% - 4:40
2 - 41% - 40% - 3:16
PP Defense
1 - 59% - 60% - 4:40
2 - 41% - 40% - 3:16
PK Forward
1 - 55% - 60% - 1:06
2 - 45% - 40% - 0:53
PK Defense
1 - 24% - 60% - 0:28
2 - 76% - 40% - 1:31
PK3 Forward
1 - 0% - 60%
2 - 0% - 40%
PK3 Defense
1 - 0% - 60%
2 - 0% - 40%
44 Forward
1 - 0% - 60%
2 - 0% - 40%
44 Defense
1 - 0% - 60%
2 - 0% - 40%
Last Minute Offensive  - 0:00
Last Minute Defensive  - 0:00
Total
Forward - 60:00
Defense - 60:00

Play-by-Play

1st period


0:01 of 1st period - Nicklas Backstrom wins face-off versus Nathan MacKinnon in neutral zone.
0:27 of 1st period - Shot by Kevin Hayes.
0:27 of 1st period - Stopped by Connor Hellebuyck with a rebound.
0:29 of 1st period - Shot by Shayne Gostisbehere.
0:29 of 1st period - Stopped by Connor Hellebuyck with a rebound.
0:31 of 1st period - Shot by Nicklas Backstrom.
0:31 of 1st period - Stopped by Connor Hellebuyck without a rebound.
0:32 of 1st period - Sidney Crosby wins face-off versus Bo Horvat in Penguins zone.
1:37 of 1st period - Shot by Pavel Zacha.
1:37 of 1st period - Shot Misses the Net.
1:39 of 1st period - Shot by Jordan Staal.
1:39 of 1st period - Stopped by Connor Hellebuyck without a rebound.
1:40 of 1st period - Adrian Kempe wins face-off versus Antoine Vermette in Penguins zone.
1:40 of 1st period - Adrian Kempe is hit by Vinnie Hinostroza.
1:50 of 1st period - Shot by Antoine Vermette.
1:50 of 1st period - Stopped by Connor Hellebuyck without a rebound.
1:51 of 1st period - Nicklas Backstrom wins face-off versus Nathan MacKinnon in Penguins zone.
2:12 of 1st period - Ryan Suter is hit by Dustin Brown and loses puck.
2:33 of 1st period - Shot by Clayton Keller.
2:33 of 1st period - Stopped by Marc-Andre Fleury without a rebound.
2:34 of 1st period - Adrian Kempe wins face-off versus Jordan Staal in Devils zone.
2:41 of 1st period - Shot by Olli Maatta.
2:41 of 1st period - Stopped by Marc-Andre Fleury without a rebound.
2:42 of 1st period - Tim Schaller wins face-off versus Antoine Vermette in Devils zone.
3:02 of 1st period - Icing by Ryan Pulock.
3:03 of 1st period - Sidney Crosby wins face-off versus Antoine Vermette in Devils zone.
3:30 of 1st period - Shot by Sidney Crosby.
3:30 of 1st period - Shot Misses the Net.
3:53 of 1st period - Icing by Ryan Pulock.
3:54 of 1st period - Antoine Vermette wins face-off versus Max Domi in Devils zone.
3:54 of 1st period - Antoine Vermette is hit by Adrian Kempe.
5:03 of 1st period - Minor Penalty to Cody Ceci for Hooking.
5:04 of 1st period - Tim Schaller wins face-off versus Dustin Brown in Penguins zone.
5:15 of 1st period - Tim Schaller is hit by Dustin Brown.
5:27 of 1st period - Tim Schaller is hit by Dustin Brown and loses puck.
6:36 of 1st period - Shot by Shayne Gostisbehere.
6:36 of 1st period - Shot Misses the Net.
7:26 of 1st period - Shot by Phil Kessel.
7:26 of 1st period - Stopped by Marc-Andre Fleury with a rebound.
7:29 of 1st period - Icing by Eric Fehr.
7:30 of 1st period - Jordan Staal wins face-off versus Adrian Kempe in Devils zone.
7:39 of 1st period - Shot by Pavel Zacha.
7:39 of 1st period - Shot Misses the Net.
7:42 of 1st period - Icing by Ryan Suter.
7:43 of 1st period - Adrian Kempe wins face-off versus Darren Helm in Penguins zone.
7:47 of 1st period - Icing by Ryan Suter.
7:48 of 1st period - Bo Horvat wins face-off versus Adrian Kempe in Penguins zone.
8:22 of 1st period - Minor Penalty to Ryan Pulock for Diving.
8:23 of 1st period - Nathan MacKinnon wins face-off versus Nicklas Backstrom in Devils zone.
8:24 of 1st period - Shot by Nikita Kucherov.
8:24 of 1st period - Shot Misses the Net.
9:06 of 1st period - Shot by Cody Ceci.
9:06 of 1st period - Shot Blocked by Anton Stralman.
9:19 of 1st period - Icing by Mark Giordano.
9:20 of 1st period - Sidney Crosby wins face-off versus Nicklas Backstrom in Penguins zone.
9:48 of 1st period - Icing by Mark Giordano.
9:49 of 1st period - Sidney Crosby wins face-off versus Jordan Staal in Penguins zone.
10:42 of 1st period - Shot by Vinnie Hinostroza.
10:42 of 1st period - Shot Hit the Post.
10:50 of 1st period - Shot by Vinnie Hinostroza.
10:50 of 1st period - Stopped by Connor Hellebuyck without a rebound.
10:51 of 1st period - Tim Schaller wins face-off versus Nicklas Backstrom in Penguins zone.
11:05 of 1st period - Shot by Nicklas Backstrom.
11:05 of 1st period - Shot Blocked by Kevin Labanc.
11:07 of 1st period - Shot by Shayne Gostisbehere.
11:07 of 1st period - Deflect By Dustin Brown.
11:07 of 1st period - Shot Misses the Net.
11:09 of 1st period - Shot by Kevin Hayes.
11:09 of 1st period - Shot Misses the Net.
11:11 of 1st period - Shot by Dustin Brown.
11:11 of 1st period - Shot Misses the Net.
11:13 of 1st period - Shot by Dustin Brown.
11:13 of 1st period - Stopped by Connor Hellebuyck without a rebound.
11:14 of 1st period - Bo Horvat wins face-off versus Nathan MacKinnon in Penguins zone.
11:33 of 1st period - Shot by Darren Helm.
11:33 of 1st period - Shot Misses the Net.
11:50 of 1st period - Shot by Bo Horvat.
11:50 of 1st period - Stopped by Connor Hellebuyck without a rebound.
11:51 of 1st period - Sidney Crosby wins face-off versus Nicklas Backstrom in Penguins zone.
11:55 of 1st period - Icing by Ryan Suter.
11:56 of 1st period - Sidney Crosby wins face-off versus Dustin Brown in Penguins zone.
12:19 of 1st period - Shot by Sidney Crosby.
12:19 of 1st period - Stopped by Marc-Andre Fleury with a rebound.
12:21 of 1st period - Shot by Ryan Suter.
12:21 of 1st period - Stopped by Marc-Andre Fleury without a rebound.
12:22 of 1st period - Jordan Staal wins face-off versus Nathan MacKinnon in Devils zone.
12:22 of 1st period - Jordan Staal is hit by Nathan MacKinnon.
12:50 of 1st period - Anton Stralman is hit by Clayton Keller and loses puck.
13:33 of 1st period - Shot by Nicklas Backstrom.
13:33 of 1st period - Shot Misses the Net.
15:04 of 1st period - Shot by Kevin Labanc.
15:04 of 1st period - Shot Blocked by Kevin Hayes.
17:08 of 1st period - Shot by Darren Archibald.
17:08 of 1st period - Stopped by Marc-Andre Fleury without a rebound.
17:09 of 1st period - Jordan Staal wins face-off versus Tim Schaller in Devils zone.
17:36 of 1st period - Shot by Mark Giordano.
17:36 of 1st period - Shot Misses the Net.
17:52 of 1st period - Shot by Sidney Crosby.
17:52 of 1st period - Shot Misses the Net.
17:58 of 1st period - Shot by Sidney Crosby.
17:58 of 1st period - Deflect By Phil Kessel.
17:58 of 1st period - Shot Misses the Net.
18:56 of 1st period - Icing by Olli Maatta.
18:57 of 1st period - Mike Cammalleri wins face-off versus Nathan MacKinnon in Penguins zone.
19:33 of 1st period - Cody Ceci is hit by Antoine Vermette and loses puck.
19:44 of 1st period - Shot by Sam Reinhart.
19:44 of 1st period - Shot Misses the Net.
Goals for this period are 0 for Penguins vs 0 for Devils.
Shots for this period are 6 for Penguins vs 8 for Devils.

2nd period


0:01 of 2nd period - Sidney Crosby wins face-off versus Kevin Hayes in neutral zone.
0:41 of 2nd period - Sidney Crosby is hit by Anton Stralman and loses puck.
1:02 of 2nd period - Darren Helm is hit by Nathan MacKinnon and loses puck.
1:09 of 2nd period - Shot by Nathan MacKinnon.
1:09 of 2nd period - Shot Misses the Net.
1:33 of 2nd period - Shot by Sam Reinhart.
1:33 of 2nd period - Stopped by Connor Hellebuyck with a rebound.
2:26 of 2nd period - Shot by Eric Fehr.
2:26 of 2nd period - Stopped by Connor Hellebuyck without a rebound.
2:27 of 2nd period - Sidney Crosby wins face-off versus Antoine Vermette in Penguins zone.
2:55 of 2nd period - Ryan Suter is hit by Antoine Vermette.
2:58 of 2nd period - Icing by Phil Kessel.
2:59 of 2nd period - Nicklas Backstrom wins face-off versus Sidney Crosby in Penguins zone.
3:19 of 2nd period - David Perron is hit by Ryan Pulock and loses puck.
3:38 of 2nd period - Shot by Nathan MacKinnon.
3:38 of 2nd period - Shot Misses the Net.
3:41 of 2nd period - Icing by Ryan Pulock.
3:42 of 2nd period - Nathan MacKinnon wins face-off versus Nicklas Backstrom in Devils zone.
3:42 of 2nd period - Nathan MacKinnon is hit by Justin Schultz.
4:11 of 2nd period - Shot by Nathan MacKinnon.
4:11 of 2nd period - Deflect By Nikita Kucherov.
4:11 of 2nd period - Shot Misses the Net.
4:19 of 2nd period - Shot by Nathan MacKinnon.
4:19 of 2nd period - Shot Blocked by Anton Stralman.
4:21 of 2nd period - Shot by David Savard.
4:21 of 2nd period - Stopped by Marc-Andre Fleury with a rebound.
4:23 of 2nd period - Shot by Clayton Keller.
4:23 of 2nd period - Stopped by Marc-Andre Fleury without a rebound.
4:24 of 2nd period - Jordan Staal wins face-off versus Adrian Kempe in Devils zone.
5:22 of 2nd period - Icing by Mark Giordano.
5:23 of 2nd period - Sidney Crosby wins face-off versus Nicklas Backstrom in Penguins zone.
6:24 of 2nd period - Shot by Bo Horvat.
6:24 of 2nd period - Shot Blocked by Ryan Suter.
7:41 of 2nd period - Antoine Vermette is hit by Max Domi and loses puck.
8:27 of 2nd period - Jordan Staal is hit by Cody Ceci.
8:45 of 2nd period - Shot by Dustin Brown.
8:45 of 2nd period - Shot Misses the Net.
8:47 of 2nd period - Shot by Nicklas Backstrom.
8:47 of 2nd period - Stopped by Connor Hellebuyck without a rebound.
8:48 of 2nd period - Nathan MacKinnon wins face-off versus Darren Helm in Penguins zone.
8:53 of 2nd period - Sam Reinhart is hit by Nathan MacKinnon and loses puck.
9:01 of 2nd period - Justin Schultz is hit by Ryan Suter and loses puck.
9:10 of 2nd period - Shot by Bo Horvat.
9:10 of 2nd period - Shot Misses the Net.
9:12 of 2nd period - Shot by Darren Helm.
9:12 of 2nd period - Stopped by Connor Hellebuyck without a rebound.
9:13 of 2nd period - Nicklas Backstrom wins face-off versus Sidney Crosby in Penguins zone.
9:21 of 2nd period - Kevin Hayes is hit by David Savard and loses puck.
9:44 of 2nd period - Shot by Phil Kessel.
9:44 of 2nd period - Stopped by Marc-Andre Fleury without a rebound.
9:45 of 2nd period - Bo Horvat wins face-off versus Nikita Kucherov in Devils zone.
9:58 of 2nd period - Shot by Sam Reinhart.
9:58 of 2nd period - Shot Misses the Net.
10:00 of 2nd period - Shot by Shayne Gostisbehere.
10:00 of 2nd period - Stopped by Connor Hellebuyck without a rebound.
10:01 of 2nd period - Jordan Staal wins face-off versus Sidney Crosby in Penguins zone.
10:19 of 2nd period - Mark Giordano is hit by Ryan Pulock and loses puck.
10:23 of 2nd period - Minor Penalty to David Perron for High sticking.
10:24 of 2nd period - Tim Schaller wins face-off versus Nicklas Backstrom in Penguins zone.
10:40 of 2nd period - Off-side.
10:41 of 2nd period - Bo Horvat wins face-off versus Tim Schaller in neutral zone.
11:02 of 2nd period - Shot by Justin Schultz.
11:02 of 2nd period - Stopped by Connor Hellebuyck without a rebound.
11:03 of 2nd period - Tim Schaller wins face-off versus Nicklas Backstrom in Penguins zone.
11:12 of 2nd period - Tim Schaller is hit by Dustin Brown and loses puck.
11:37 of 2nd period - Shot by Anton Stralman.
11:37 of 2nd period - Stopped by Connor Hellebuyck without a rebound.
11:38 of 2nd period - Nikita Kucherov wins face-off versus Bo Horvat in Penguins zone.
12:31 of 2nd period - Shot by Jordan Staal.
12:31 of 2nd period - Shot Misses the Net.
13:05 of 2nd period - Cody Ceci is hit by Eric Fehr and loses puck.
13:32 of 2nd period - Shot by Phil Kessel.
13:32 of 2nd period - Shot Misses the Net.
13:44 of 2nd period - Shot by Phil Kessel.
13:44 of 2nd period - Stopped by Marc-Andre Fleury without a rebound.
13:45 of 2nd period - Nathan MacKinnon wins face-off versus Nicklas Backstrom in Devils zone.
13:46 of 2nd period - Shot by Mark Giordano.
13:46 of 2nd period - Stopped by Marc-Andre Fleury without a rebound.
13:47 of 2nd period - Nicklas Backstrom wins face-off versus Clayton Keller in Devils zone.
13:54 of 2nd period - Ryan Suter is hit by Dustin Brown and loses puck.
14:57 of 2nd period - Shot by Bo Horvat.
14:57 of 2nd period - Stopped by Connor Hellebuyck with a rebound.
14:59 of 2nd period - Shot by Bo Horvat.
14:59 of 2nd period - Deflect By Sam Reinhart.
14:59 of 2nd period - Stopped by Connor Hellebuyck with a rebound.
15:01 of 2nd period - Shot by Darren Helm.
15:01 of 2nd period - Shot Blocked by Ryan Ellis.
15:39 of 2nd period - David Perron is hit by Antoine Vermette and loses puck.
17:03 of 2nd period - Off-side.
17:04 of 2nd period - Tim Schaller wins face-off versus Nicklas Backstrom in neutral zone.
17:26 of 2nd period - Icing by Olli Maatta.
17:27 of 2nd period - Tim Schaller wins face-off versus Bo Horvat in Penguins zone.
17:42 of 2nd period - Icing by Tim Schaller.
17:43 of 2nd period - Tim Schaller wins face-off versus Nicklas Backstrom in Penguins zone.
17:43 of 2nd period - Tim Schaller is hit by Dustin Brown.
17:57 of 2nd period - Shot by Darren Archibald.
17:57 of 2nd period - Stopped by Marc-Andre Fleury without a rebound.
17:58 of 2nd period - Nathan MacKinnon wins face-off versus Darren Helm in Devils zone.
19:23 of 2nd period - Shot by Max Domi.
19:23 of 2nd period - Stopped by Marc-Andre Fleury without a rebound.
19:24 of 2nd period - Tim Schaller wins face-off versus Eric Fehr in Devils zone.
19:27 of 2nd period - Shot by Darren Archibald.
19:27 of 2nd period - Stopped by Marc-Andre Fleury without a rebound.
19:28 of 2nd period - Sidney Crosby wins face-off versus Jordan Staal in Devils zone.
19:31 of 2nd period - Shot by Phil Kessel.
19:31 of 2nd period - Shot Misses the Net.
19:50 of 2nd period - Shot by Phil Kessel.
19:50 of 2nd period - Shot Misses the Net.
19:52 of 2nd period - Shot by Ryan Ellis.
19:52 of 2nd period - Shot Misses the Net.
19:59 of 2nd period - Phil Kessel is hit by Ryan Pulock.
Goals for this period are 0 for Penguins vs 0 for Devils.
Shots for this period are 8 for Penguins vs 9 for Devils.

3rd period


0:01 of 3rd period - Nathan MacKinnon wins face-off versus Nicklas Backstrom in neutral zone.
0:04 of 3rd period - Shot by Nikita Kucherov.
0:04 of 3rd period - Shot Blocked by Kevin Hayes.
0:06 of 3rd period - Shot by Nikita Kucherov.
0:06 of 3rd period - Stopped by Marc-Andre Fleury without a rebound.
0:07 of 3rd period - Nicklas Backstrom wins face-off versus Nathan MacKinnon in Devils zone.
0:28 of 3rd period - Shot by Nathan MacKinnon.
0:28 of 3rd period - Shot Misses the Net.
0:38 of 3rd period - Shot by Nikita Kucherov.
0:38 of 3rd period - Deflect By Nathan MacKinnon.
0:38 of 3rd period - Stopped by Marc-Andre Fleury with a rebound.
0:57 of 3rd period - Off-side.
0:58 of 3rd period - Bo Horvat wins face-off versus Sidney Crosby in neutral zone.
0:58 of 3rd period - Justin Schultz is hit by David Perron and loses puck.
1:02 of 3rd period - Darren Helm is hit by David Savard and loses puck.
1:11 of 3rd period - Shot by Sam Reinhart.
1:11 of 3rd period - Shot Blocked by David Perron.
1:12 of 3rd period - Minor Penalty to David Savard for Holding.
1:13 of 3rd period - Bo Horvat wins face-off versus Tim Schaller in Penguins zone.
2:18 of 3rd period - Shot by Nicklas Backstrom.
2:18 of 3rd period - Stopped by Connor Hellebuyck without a rebound.
2:19 of 3rd period - Tim Schaller wins face-off versus Nicklas Backstrom in Penguins zone.
2:28 of 3rd period - Shot by Shayne Gostisbehere.
2:28 of 3rd period - Shot Hit the Post.
2:40 of 3rd period - Shot by Nicklas Backstrom.
2:40 of 3rd period - Stopped by Connor Hellebuyck without a rebound.
2:41 of 3rd period - Bo Horvat wins face-off versus Adrian Kempe in Penguins zone.
3:33 of 3rd period - Shot by Eric Fehr.
3:33 of 3rd period - Shot Misses the Net.
3:35 of 3rd period - Shot by Eric Fehr.
3:35 of 3rd period - Shot Misses the Net.
3:37 of 3rd period - Shot by Jordan Staal.
3:37 of 3rd period - Stopped by Connor Hellebuyck without a rebound.
3:38 of 3rd period - Adrian Kempe wins face-off versus Nicklas Backstrom in Penguins zone.
4:38 of 3rd period - Icing by David Savard.
4:39 of 3rd period - Sam Reinhart wins face-off versus Clayton Keller in Penguins zone.
4:48 of 3rd period - Shot by Darren Helm.
4:48 of 3rd period - Shot Misses the Net.
4:50 of 3rd period - Shot by Darren Helm.
4:50 of 3rd period - Shot Blocked by Clayton Keller.
4:57 of 3rd period - Darren Helm is hit by David Savard and loses puck.
5:10 of 3rd period - Shot by Darren Helm.
5:10 of 3rd period - Stopped by Connor Hellebuyck with a rebound.
5:12 of 3rd period - Shot by Ryan Pulock.
5:12 of 3rd period - Shot Blocked by Ryan Ellis.
5:14 of 3rd period - Shot by Darren Helm.
5:14 of 3rd period - Stopped by Connor Hellebuyck without a rebound.
5:15 of 3rd period - Mike Cammalleri wins face-off versus Sidney Crosby in Penguins zone.
5:16 of 3rd period - Shot by Vinnie Hinostroza.
5:16 of 3rd period - Stopped by Connor Hellebuyck without a rebound.
5:17 of 3rd period - Sidney Crosby wins face-off versus Antoine Vermette in Penguins zone.
5:21 of 3rd period - Icing by David Perron.
5:22 of 3rd period - Sidney Crosby wins face-off versus Jordan Staal in Penguins zone.
5:24 of 3rd period - Icing by David Perron.
5:25 of 3rd period - Nicklas Backstrom wins face-off versus Sidney Crosby in Penguins zone.
5:28 of 3rd period - Shot by Nicklas Backstrom.
5:28 of 3rd period - Shot Misses the Net.
5:30 of 3rd period - Shot by Dustin Brown.
5:30 of 3rd period - Shot Misses the Net.
5:32 of 3rd period - Shot by Dustin Brown.
5:32 of 3rd period - Shot Blocked by David Perron.
5:34 of 3rd period - Shot by Anton Stralman.
5:34 of 3rd period - Stopped by Connor Hellebuyck without a rebound.
5:35 of 3rd period - Bo Horvat wins face-off versus Nathan MacKinnon in Penguins zone.
5:43 of 3rd period - Icing by Mark Giordano.
5:44 of 3rd period - Nicklas Backstrom wins face-off versus Nathan MacKinnon in Penguins zone.
6:09 of 3rd period - Shot by Kevin Hayes.
6:09 of 3rd period - Stopped by Connor Hellebuyck without a rebound.
6:10 of 3rd period - Sidney Crosby wins face-off versus Bo Horvat in Penguins zone.
6:47 of 3rd period - Shot by Darren Helm.
6:47 of 3rd period - Shot Misses the Net.
6:58 of 3rd period - Off-side.
6:59 of 3rd period - Nicklas Backstrom wins face-off versus Nathan MacKinnon in neutral zone.
7:10 of 3rd period - Shot by Nicklas Backstrom.
7:10 of 3rd period - Deflect By Dustin Brown.
7:10 of 3rd period - Stopped by Connor Hellebuyck without a rebound.
7:11 of 3rd period - Jordan Staal wins face-off versus Kevin Labanc in Penguins zone.
9:05 of 3rd period - Shot by Nathan MacKinnon.
9:05 of 3rd period - Stopped by Marc-Andre Fleury without a rebound.
9:06 of 3rd period - David Perron wins face-off versus Bo Horvat in Devils zone.
9:22 of 3rd period - Shot by Sam Reinhart.
9:22 of 3rd period - Shot Misses the Net.
9:24 of 3rd period - Shot by Bo Horvat.
9:24 of 3rd period - Shot Misses the Net.
9:26 of 3rd period - Shot by Bo Horvat.
9:26 of 3rd period - Shot Misses the Net.
9:28 of 3rd period - Shot by Sam Reinhart.
9:28 of 3rd period - Stopped by Connor Hellebuyck with a rebound.
9:30 of 3rd period - Shot by Brooks Orpik.
9:30 of 3rd period - Shot Blocked by David Savard.
9:41 of 3rd period - Shot by Bo Horvat.
9:41 of 3rd period - Stopped by Connor Hellebuyck without a rebound.
9:42 of 3rd period - Antoine Vermette wins face-off versus Nathan MacKinnon in Penguins zone.
9:49 of 3rd period - Shot by Antoine Vermette.
9:49 of 3rd period - Deflect By Mike Cammalleri.
9:49 of 3rd period - Stopped by Connor Hellebuyck without a rebound.
9:50 of 3rd period - Jordan Staal wins face-off versus Nathan MacKinnon in Penguins zone.
11:07 of 3rd period - Off-side.
11:08 of 3rd period - Tim Schaller wins face-off versus Nicklas Backstrom in neutral zone.
11:19 of 3rd period - Icing by Nicklas Backstrom.
11:20 of 3rd period - Sidney Crosby wins face-off versus Nicklas Backstrom in Devils zone.
11:50 of 3rd period - Shot by Nicklas Backstrom.
11:50 of 3rd period - Shot Blocked by Ryan Ellis.
11:54 of 3rd period - Shot by Nicklas Backstrom.
11:54 of 3rd period - Deflect By Dustin Brown.
11:54 of 3rd period - Stopped by Connor Hellebuyck without a rebound.
11:55 of 3rd period - Sam Reinhart wins face-off versus Nathan MacKinnon in Penguins zone.
12:00 of 3rd period - Shot by Darren Helm.
12:00 of 3rd period - Stopped by Connor Hellebuyck without a rebound.
12:01 of 3rd period - Nathan MacKinnon wins face-off versus Bo Horvat in Penguins zone.
12:09 of 3rd period - Off-side.
12:10 of 3rd period - Bo Horvat wins face-off versus Nathan MacKinnon in neutral zone.
12:16 of 3rd period - Icing by Ryan Suter.
12:17 of 3rd period - Nathan MacKinnon wins face-off versus Nicklas Backstrom in Penguins zone.
12:17 of 3rd period - Nathan MacKinnon is hit by Dustin Brown.
12:20 of 3rd period - Ryan Suter is hit by Dustin Brown and loses puck.
12:31 of 3rd period - Shot by Nicklas Backstrom.
12:31 of 3rd period - Stopped by Connor Hellebuyck without a rebound.
12:32 of 3rd period - Bo Horvat wins face-off versus Sidney Crosby in Penguins zone.
12:33 of 3rd period - Shot by Sam Reinhart.
12:33 of 3rd period - Stopped by Connor Hellebuyck without a rebound.
12:34 of 3rd period - Nicklas Backstrom wins face-off versus Nathan MacKinnon in Penguins zone.
14:14 of 3rd period - Ryan Pulock is hit by Sidney Crosby.
14:26 of 3rd period - Shot by Sidney Crosby.
14:26 of 3rd period - Stopped by Marc-Andre Fleury without a rebound.
14:27 of 3rd period - Jordan Staal wins face-off versus Tim Schaller in Devils zone.
14:27 of 3rd period - Jordan Staal is hit by Darren Archibald.
14:42 of 3rd period - Minor Penalty to Olli Maatta for High sticking.
14:43 of 3rd period - Dustin Brown wins face-off versus Tim Schaller in Penguins zone.
15:00 of 3rd period - Shot by Shayne Gostisbehere.
15:00 of 3rd period - Stopped by Connor Hellebuyck without a rebound.
15:01 of 3rd period - Bo Horvat wins face-off versus Tim Schaller in Penguins zone.
15:06 of 3rd period - Shot by Bo Horvat.
15:06 of 3rd period - Shot Hit the Post.
15:08 of 3rd period - Shot by Darren Helm.
15:08 of 3rd period - Shot Misses the Net.
15:12 of 3rd period - Shot by Darren Helm.
15:12 of 3rd period - Stopped by Connor Hellebuyck without a rebound.
15:13 of 3rd period - Sidney Crosby wins face-off versus Nicklas Backstrom in Penguins zone.
15:35 of 3rd period - Icing by Kevin Hayes.
15:36 of 3rd period - Sidney Crosby wins face-off versus Nicklas Backstrom in Devils zone.
15:39 of 3rd period - Shot by Darren Archibald.
15:39 of 3rd period - Stopped by Marc-Andre Fleury without a rebound.
15:40 of 3rd period - Bo Horvat wins face-off versus Tim Schaller in Devils zone.
15:45 of 3rd period - Shot by Justin Schultz.
15:45 of 3rd period - Stopped by Connor Hellebuyck without a rebound.
15:46 of 3rd period - Nicklas Backstrom wins face-off versus Tim Schaller in Penguins zone.
15:51 of 3rd period - Shot by Nicklas Backstrom.
15:51 of 3rd period - Shot Misses the Net.
15:53 of 3rd period - Shot by Shayne Gostisbehere.
15:53 of 3rd period - Stopped by Connor Hellebuyck without a rebound.
15:54 of 3rd period - Nicklas Backstrom wins face-off versus Nikita Kucherov in Penguins zone.
16:33 of 3rd period - Shot by Shayne Gostisbehere.
16:33 of 3rd period - Stopped by Connor Hellebuyck with a rebound.
16:35 of 3rd period - Shot by Nicklas Backstrom.
16:35 of 3rd period - Stopped by Connor Hellebuyck without a rebound.
16:36 of 3rd period - Bo Horvat wins face-off versus Tim Schaller in Penguins zone.
16:51 of 3rd period - Shot by Antoine Vermette.
16:51 of 3rd period - Shot Misses the Net.
17:00 of 3rd period - Off-side.
17:01 of 3rd period - Sidney Crosby wins face-off versus Bo Horvat in neutral zone.
17:01 of 3rd period - Sidney Crosby is hit by Darren Helm.
17:08 of 3rd period - Phil Kessel is hit by Ryan Pulock and loses puck.
17:24 of 3rd period - Ryan Pulock is hit by David Savard and loses puck.
17:34 of 3rd period - Icing by Ryan Ellis.
17:35 of 3rd period - Nicklas Backstrom wins face-off versus Phil Kessel in Penguins zone.
18:03 of 3rd period - David Perron is hit by Shayne Gostisbehere and loses puck.
18:53 of 3rd period - Jordan Staal is hit by Mark Giordano and loses puck.
19:26 of 3rd period - Olli Maatta is hit by Darren Helm.
19:50 of 3rd period - Shot by Max Domi.
19:50 of 3rd period - Shot Misses the Net.
19:54 of 3rd period - Shot by Max Domi.
19:54 of 3rd period - Shot Blocked by Justin Schultz.
19:56 of 3rd period - Shot by Cody Ceci.
19:56 of 3rd period - Shot Misses the Net.
Goals for this period are 0 for Penguins vs 0 for Devils.
Shots for this period are 5 for Penguins vs 22 for Devils.

Overtime #1


0:01 of 1st overtime period - Sidney Crosby wins face-off versus Bo Horvat in neutral zone.
0:25 of 1st overtime period - Shot by Bo Horvat.
0:25 of 1st overtime period - Shot Misses the Net.
0:27 of 1st overtime period - Shot by Nicklas Backstrom.
0:27 of 1st overtime period - Shot Blocked by Ryan Suter.
1:31 of 1st overtime period - Shot by Nathan MacKinnon.
1:31 of 1st overtime period - Shot Misses the Net.
1:54 of 1st overtime period - Icing by Nicklas Backstrom.
1:55 of 1st overtime period - Bo Horvat wins face-off versus Sidney Crosby in Devils zone.
2:02 of 1st overtime period - Shot by Sidney Crosby.
2:02 of 1st overtime period - Stopped by Marc-Andre Fleury without a rebound.
2:03 of 1st overtime period - Bo Horvat wins face-off versus Sidney Crosby in Devils zone.
2:10 of 1st overtime period - Shot by Nicklas Backstrom.
2:10 of 1st overtime period - Stopped by Connor Hellebuyck with a rebound.
2:26 of 1st overtime period - Shot by Nikita Kucherov.
2:26 of 1st overtime period - Deflect By Sidney Crosby.
2:26 of 1st overtime period - Stopped by Marc-Andre Fleury without a rebound.
2:27 of 1st overtime period - Jordan Staal wins face-off versus Nathan MacKinnon in Devils zone.
2:31 of 1st overtime period - Off-side.
2:32 of 1st overtime period - Sidney Crosby wins face-off versus Jordan Staal in neutral zone.
2:36 of 1st overtime period - Shot by Nathan MacKinnon.
2:36 of 1st overtime period - Stopped by Marc-Andre Fleury without a rebound.
2:37 of 1st overtime period - Bo Horvat wins face-off versus Sidney Crosby in Devils zone.
3:51 of 1st overtime period - Shot by Nathan MacKinnon.
3:51 of 1st overtime period - Stopped by Marc-Andre Fleury with a rebound.
4:08 of 1st overtime period - Icing by Nicklas Backstrom.
4:09 of 1st overtime period - Nikita Kucherov wins face-off versus Bo Horvat in Devils zone.
4:36 of 1st overtime period - Shot by Dustin Brown.
4:36 of 1st overtime period - Shot Blocked by Ryan Suter.
4:43 of 1st overtime period - Off-side.
4:44 of 1st overtime period - Jordan Staal wins face-off versus Sidney Crosby in neutral zone.
Goals for this period are 0 for Penguins vs 0 for Devils.
Shots for this period are 4 for Penguins vs 1 for Devils.

ShootOut


5:00 of 1st overtime period - Round #1.
5:00 of 1st overtime period - Penguins, Nathan MacKinnon.
5:00 of 1st overtime period - Goal by Nathan MacKinnon.
5:00 of 1st overtime period - Devils, Nicklas Backstrom.
5:00 of 1st overtime period - Stopped by Connor Hellebuyck.
5:00 of 1st overtime period - Round #2.
5:00 of 1st overtime period - Penguins, Nikita Kucherov.
5:00 of 1st overtime period - Goal by Nikita Kucherov.
5:00 of 1st overtime period - Devils, Bo Horvat.
5:00 of 1st overtime period - Shot Misses the Net.
5:00 of 1st overtime period - Round #3.